 Dungeon Crawl Stone Soup version 0.30-b1-2-g02819fbbbe (webtiles) character file.

Game seed: 8258741857716886817

46 Fartwhistle the Changer (level 3, 0/23 HPs)
             Began as an Octopode Transmuter on June 10, 2023.
             Slain by a jackal (2 damage)
             ... on level 2 of the Dungeon.
             The game lasted 00:02:16 (1063 turns).

Fartwhistle the Changer (Octopode Transmuter)       Turns: 1063, Time: 00:02:16

Health: 0/23       AC:  1    Str:  9    XL:     3   Next: 66%
Magic:  6/6        EV: 13    Int: 17    God:
Gold:   84         SH:  0    Dex: 12    Spells: 1/7 levels left

rFire   . .          .
                       - Unarmed
rCold   . . .        (no shield)
rNeg    . . .        (helmet restricted)
rPois   .            (no amulet)
rElec   .            (no ring)
rCorr   .            (no ring)
SInv    .            (no ring)
Will    .....        (no ring)
Stlth   ++           (no ring)
HPRegen 0.23/turn    (no ring)
MPRegen 0.10/turn    (no ring)
                     (no ring)

%: no passive effects
@: no status effects
A: almost no armour, amphibious, 8 rings, camouflage 1, gelatinous body 1,
(nimble swimmer 1), tentacles
a: no special abilities


You were on level 2 of the Dungeon.
You visited 1 branch of the dungeon, and saw 2 of its levels.

You collected 110 gold pieces.
You spent 26 gold pieces at shops.

Inventory:

Scrolls
 g - a scroll of amnesia {unknown}
Potions
 a - a potion of lignification
 b - a potion of resistance
 c - 2 potions of curing
 d - 2 potions of brilliance {unknown}
 e - a potion of invisibility {unknown}
 f - a potion of heal wounds {unknown}


   Skills:
 - Level 1.0 Fighting
 - Level 2.0 Dodging
 - Level 3.0 Unarmed Combat
 + Level 2.5 Spellcasting
 * Level 3.4 Transmutations
 + Level 0.3 Poison Magic


You had one spell level left.
You knew the following spells:

 Your Spells              Type           Power      Damage    Failure   Level
a - Beastly Appendage     Tmut           26%        N/A       4%          1
b - Wereblood             Tmut           13%        N/A       7%          2
c - Spider Form           Tmut/Pois      8%         N/A       26%         3

Your spell library contained the following spells:

 Spells                   Type           Power      Damage    Failure   Level
 Ice Form                 Ice/Tmut       7%         N/A       65%         4


Dungeon Overview and Level Annotations

Branches:
Dungeon (2/15)

Altars:

Shops:
D:1 *


Innate Abilities, Weirdness & Mutations

You cannot wear most types of armour.
You are amphibious.
You can wear up to eight rings at the same time.
Your skin changes colour to match your surroundings (Stealth+).
Your rubbery body absorbs attacks. (AC +1, EV +1)
((You are camouflaged when in or above water. (Stealth+)))
You have tentacles for arms and can constrict up to eight enemies at once.


Message History

The worm misses you.
You tentacle-slap the worm. Your grab misses the worm.
The worm is lightly wounded.
The jackal closely misses you.
You tentacle-slap the worm. You grab the worm.
The worm is lightly wounded.
You constrict the worm. The jackal bites you. The worm bites you!
The jackal bites you.
* * * LOW HITPOINT WARNING * * *
You are too injured to fight recklessly!
You are too injured to fight recklessly!
Unknown command.
You release your grip on the worm.
The jackal attacks as you move away! The jackal closely misses you.
The jackal attacks as you move away! The jackal closely misses you.
The jackal misses you. The jackal attacks as you move away!
The jackal barely misses you. The jackal bites you.
* * * LOW HITPOINT WARNING * * *
The jackal attacks as you move away! The jackal bites you.
* * * LOW HITPOINT WARNING * * *
The jackal barely misses you. The jackal attacks as you move away!
The jackal bites you.
* * * LOW HITPOINT WARNING * * *
The jackal misses you. The jackal attacks as you move away!
The jackal misses you. The jackal misses you.
The jackal attacks as you move away! The jackal bites you.
* * * LOW HITPOINT WARNING * * *
The jackal bites you.
* * * LOW HITPOINT WARNING * * *
What are your orders? t - Shout!
Orders for allies: a - Attack new target. r - Retreat! s - Stop attacking. g - Guard the area. f - Follow me.
Anything else - Cancel.
Okay, then.
The jackal attacks as you move away! The jackal bites you.
You die...

....... .# g... #.....#. ....#
#..# .#....... .... #..#
........##..# ##..# ..# #....#.#
#...######## #.# #)....#
#.....#.....
#.#####†#..##########.........###
#.##.)..............#......##...†
#.#..#...#####..@h.gg....w..w....
....##...####................####
##.##.........>..............#
##.##....#...................#
##.##........................#
#.##........................#
#.##........................#
#.##.########..............##
#....#######.†.....##.......#


You could see a jackal, a hobgoblin and a goblin.

Vanquished Creatures
  An adder (D:2)
  2 ball pythons
  4 endoplasms (D:1)
  2 giant cockroaches (D:1)
  3 goblins
  A hobgoblin (D:2)
  2 jackals (D:2)
  4 kobolds
  5 quokkas
  3 bats
  2 frilled lizards
  2 rats (D:1)
31 creatures vanquished.

Notes
Turn   | Place    | Note
-------+----------+-------------------------------------------
     0 | D:1      | Fartwhistle the Octopode Transmuter began the quest for the
                  | Orb.
     0 | D:1      | Reached XP level 1. HP: 13/13 MP: 3/3
   107 | D:1      | Found a faded altar of an unknown god.
   228 | D:1      | Reached XP level 2. HP: 18/18 MP: 5/5
   584 | D:1      | Found Jobaam's Assorted Antiques.
   592 | D:1      | Bought a scroll labelled KYSABA EBRE for 26 gold pieces
   775 | D:2      | Reached XP level 3. HP: 22/23 MP: 6/6
   939 | D:2      | Learned a level 2 spell: Wereblood
   943 | D:2      | Learned a level 3 spell: Spider Form
  1063 | D:2      | Slain by a jackal

Illustrated notes

Levels and vault maps discovered:
D:1:      dpeg_arrival_radiant, layout_rooms,
          shapermc_ecumenical_altar_mp_vishouse, serial_shops, shop
D:2:      layout_rooms

Skill      XL: |  1  2 |
---------------+-------+-----
Transmutations | 3 |  3.4
Fighting       | |  1.0
Dodging        | |  2.0
Unarmed Combat | |  3.0
Spellcasting   | |  2.5
Poison Magic   | |  0.3

Action                     || total
---------------------------++-------
  Melee: Unarmed           ||    81
         Tentacles         ||    20
         Constrict         ||    24
         Punch             ||     3
   Cast: Beastly Appendage ||     1
    Use: Scroll            ||     2
   Stab: Sleeping          ||     7
 Armour: Skin              ||    12
  Dodge: Dodged            ||    57
